 Dungeon Crawl Stone Soup version 0.29.1-12-g30fa7ad0bf (webtiles) character file.

Game seed: 15620905042286868423

480 112233 the Thaumaturge (level 6, -2/24 HPs)
             Began as a Felid Conjurer on Dec 18, 2022.
             Slain by a black bear (4 damage)
             ... on level 8 of the Dungeon.
             The game lasted 00:08:52 (9772 turns).

112233 the Thaumaturge (Felid Conjurer)             Turns: 9772, Time: 00:08:53

Health: -2/24      AC:  2    Str:  3    XL:     6   Next: 86%
Magic:  20/20      EV: 22    Int: 22    God:
Gold:   458        SH:  0    Dex: 20    Spells: 16/26 levels left
                                        Lives:  0   Deaths: 2

rFire   . . .      SeeInvis +   (weapon unavailable)
rCold   . . .      Faith    .   (shield unavailable)
rNeg    . . .      Spirit   .   (body armour unavailable)
rPois   .          Reflect  .   (helmet unavailable)
rElec   .          Harm     .   (cloak unavailable)
rCorr   .          Rampage  .   (gloves unavailable)
Will    .....                   (boots unavailable)
Stlth   ++........              (no amulet)
HPRegen 0.08/turn               t - +4 ring of evasion
MPRegen 0.17/turn               w - +6 ring of dexterity

@: quick
A: very small, claws 1, fangs 3, see invisible, speed 1, shaggy fur 2, stealthy
paws, no weapons or thrown items, no armour, multi-lived
a: no special abilities


You were on level 8 of the Dungeon.
You visited 2 branches of the dungeon, and saw 9 of its levels.

You collected 458 gold pieces.

Inventory:

Jewellery
 q - an amulet of faith
 t - a +4 ring of evasion (left paw)
 w - a +6 ring of dexterity (right paw)
Wands
 s - a wand of polymorph (18)
 x - a wand of digging (7)
Scrolls
 a - a scroll of fear {unknown}
 b - 9 scrolls of identify {unknown}
 c - 4 scrolls of immolation
 d - 2 scrolls of vulnerability {unknown}
 f - 6 scrolls of teleportation
 h - a scroll of silence {unknown}
 i - 3 scrolls of fog {unknown}
 l - a scroll of blinking {unknown}
 n - 2 scrolls of magic mapping {unknown}
 u - a scroll of noise {unknown}
Potions
 e - 2 potions of lignification
 g - a potion of haste {unknown}
 j - 5 potions of mutation {unknown}
 k - 2 potions of brilliance {unknown}
 m - a potion of heal wounds {unknown}
 o - 3 potions of degeneration {unknown}
 p - a potion of curing {unknown}
 r - a potion of might {unknown}
 v - a potion of attraction {unknown}


   Skills:
 - Level 2.6 Dodging
 - Level 2.6 Stealth
 + Level 10.7 Spellcasting
 - Level 3.6 Conjurations


You had 16 spell levels left.
You knew the following spells:

 Your Spells              Type           Power      Damage    Failure   Level
a - Magic Dart            Conj           100%       1d8       1%          1
b - Searing Ray           Conj           54%        2d6       1%          2
c - Stone Arrow           Conj/Erth      38%        3d9       9%          3
d - Iskenderun's Mystic   Conj/Tloc      19%        2d6       26%         4

Your spell library contained the following spells:

 Spells                   Type           Power      Damage    Failure   Level
 Necrotise                Necr           44%        1d6       5%          1
 Sting                    Tmut/Pois      44%        1d5       5%          1
 Poisonous Vapours        Pois/Air       22%        N/A       9%          2
 Dazzling Flash           Conj/Hex       38%        N/A       9%          3
 Gell's Gravitas          Tloc           11%        N/A       17%         3
 Lesser Beckoning         Tloc           11%        N/A       17%         3
 Teleport Other           Tloc           11%        N/A       17%         3
 Tukima's Dance           Hex            11%        N/A       17%         3
 Vampiric Draining        Necr           11%        2d6       17%         3
 Fulminant Prism          Conj/Hex       9%         3d7       26%         4
 Hailstorm                Conj/Ice       19%        3d6       26%         4
 Leda's Liquefaction      Hex/Erth       5%         N/A       50%         4
 Olgreb's Toxic Radiance  Pois           11%        N/A       50%         4
 Agony                    Necr           11%        N/A       83%         5
 Blade Hands              Tmut           5%         N/A       83%         5
 Lehudib's Crystal Spear  Conj/Erth      9%         10d4      100%        8
 Portal Projectile        Hex/Tloc       Unusable   N/A       N/A         3

Dungeon Overview and Level Annotations

Branches:
Dungeon (8/15)             Temple (1/1) D:6
   Lair: D:8-11

Altars:
Ashenzari
Dithmenos
Elyvilon
Fedhas
Gozag
Hepliaklqana
Kikubaaqudgha
Makhleb
Nemelex Xobeh
Okawaru
Qazlal
Trog
Wu Jian
Xom
Yredelemnul
Zin
The Shining One

Shops:
D:3 [

Portals:
Bailey: D:7

Annotations:
D:4 3 runed translucent doors, WobbleTop's ghost, amateur OpEn


Innate Abilities, Weirdness & Mutations

You have sharp claws.
You have razor-sharp teeth.
You have supernaturally acute eyesight. (SInv)
You cover ground quickly. (Speed+)
You are covered in thick fur. (AC +2)
Your paws help you pounce on unaware monsters.
You are incapable of wielding weapons or throwing items.
You cannot wear armour.
You gain extra lives every three experience levels.


Message History

The black bear completely misses you.
You scratch the black bear.
The black bear is lightly wounded.
The black bear closely misses you. x2
The black bear claws you but does no damage.
You barely miss the black bear. You bite the black bear.
The black bear is moderately wounded.
The black bear closely misses you. The black bear claws you.
The black bear misses you.
You scratch the black bear.
The black bear is moderately wounded.
The black bear barely misses you. The black bear claws you.
The black bear closely misses you.
You scratch the black bear. You bite the black bear.
The black bear is heavily wounded.
The black bear bites you.
The black bear claws you but does no damage.
The black bear barely misses you.
The jelly jiggles.
You completely miss the black bear. You bite the black bear.
The black bear is heavily wounded.
The black bear bites you. The black bear misses you.
The black bear completely misses you. The jelly barely misses you.
You scratch the black bear.
The black bear is severely wounded.
The jelly misses you. The black bear bites you.
The black bear closely misses you. The black bear claws you.
* * * LOW HITPOINT WARNING * * *
Unknown command.
You barely miss the black bear.
The black bear is severely wounded.
The black bear barely misses you. The black bear claws you.
* * * LOW HITPOINT WARNING * * *
The black bear closely misses you. The jelly closely misses you.
You closely miss the black bear.
The black bear is severely wounded.
The black bear bites you.
* * * LOW HITPOINT WARNING * * *
The black bear claws you.
You die...

#.# #..#. #.#
#.#.#
#.#########.#.#
#.............#
#..###........#
#..# #.####...#
#..# #.# ##..#
#..# #.# #..#
#..# #.# #@.#
#..# #.....Jh.#
.... .....##.##
#... ..## #.#
... ... ...
...##


You could see a black bear and a jelly.

Vanquished Creatures
  Prince Ribbit (D:7)
  A water moccasin (D:7)
  Duvessa (D:6)
  A sky beast (D:7)
  2 ogres (D:6)
  A phantom (D:4)
  A bullfrog (D:5)
  2 scorpions (D:6)
  A necrophage (D:6)
  4 wights
  Dowan (D:6)
  A jelly (D:5)
  3 orc priests
  2 hounds
  3 iguanas (D:5)
  7 orc wizards
  Robin (D:3)
  5 adders
  2 white imps
  2 ufetubi
  An adder skeleton (D:3)
  A dart slug (D:4)
  17 orcs
  7 ball pythons
  5 bats
  3 endoplasms
  3 giant cockroaches
  10 goblins
  9 hobgoblins
  9 jackals
  3 quokkas (D:1)
  A ball python zombie (D:3)
  3 frilled lizards (D:1)
  9 kobolds
  A quokka zombie (D:3)
  6 rats
130 creatures vanquished.

Vanquished Creatures (others)
  4 withered plants (D:3)
4 creatures vanquished.

Grand Total: 134 creatures vanquished

Notes
Turn   | Place    | Note
-------+----------+-------------------------------------------
     0 | D:1      | 112233 the Felid Conjurer began the quest for the Orb.
     0 | D:1      | Reached XP level 1. HP: 7/7 MP: 4/4
   347 | D:1      | Reached XP level 2. HP: 11/11 MP: 3/6
   422 | D:1      | Learned a level 2 spell: Searing Ray
   455 | D:1      | Found a faded altar of an unknown god.
   510 | D:1      | Reached skill level 3 in Spellcasting
   901 | D:1      | Reached XP level 3. HP: 14/14 MP: 5/8
  2013 | D:2      | Found a glowing silver altar of Zin.
  2743 | D:3      | Noticed Robin
  2744 | D:3      | Reached skill level 4 in Spellcasting
  2771 | D:3      | Reached XP level 4. HP: 18/18 MP: 4/11
  2860 | D:4      | Noticed WobbleTop's ghost (amateur OpEn)
  2860 | D:4      | Found a runed translucent gate.
  2860 | D:4      | Found a runed translucent gate.
  2860 | D:4      | Found a runed translucent gate.
  3164 | D:3      | Killed Robin
  3388 | D:3      | Found Ucaulin's Armour Boutique.
  3534 | D:3      | Found a broken altar of Ashenzari.
  4201 | D:4      | Noticed a phantom
  4212 | D:4      | Killed a phantom
  4213 | D:4      | Reached skill level 5 in Spellcasting
  4213 | D:4      | Reached XP level 5. HP: 15/21 MP: 1/13
  4881 | D:4      | Got the Reference Book on Congelation and Bedrock
  5115 | D:4      | Learned a level 3 spell: Stone Arrow
  5135 | D:5      | Entered Level 5 of the Dungeon
  5277 | D:5      | Gained mutation: You are covered in thick fur. (AC +2)
                  | [Felid growth]
  5277 | D:5      | Reached XP level 6. HP: 11/24 MP: 11/15
  5655 | D:5      | Reached skill level 6 in Spellcasting
  6765 | D:6      | Reached skill level 7 in Spellcasting
  6766 | D:6      | Reached XP level 7. HP: 22/27 MP: 8/18
  7206 | D:6      | Reached skill level 8 in Spellcasting
  7270 | D:6      | Found a staircase to the Ecumenical Temple.
  7493 | Temple   | Entered the Ecumenical Temple
  7859 | D:6      | Noticed Duvessa
  7860 | D:6      | Noticed Dowan
  7931 | D:6      | Reached XP level 8. HP: 31/31 MP: 12/21
  8092 | D:5      | Learned a level 4 spell: Iskenderun's Mystic Blast
  8483 | D:5      | Reached skill level 9 in Spellcasting
  8820 | D:6      | Killed Duvessa
  8826 | D:6      | Killed Dowan
  9231 | D:7      | Reached skill level 10 in Spellcasting
  9300 | D:7      | Noticed Prince Ribbit
  9307 | D:7      | Killed Prince Ribbit
  9413 | D:7      | Found a glowing silver altar of Zin.
  9435 | D:7      | Found a blossoming altar of Fedhas.
  9447 | D:7      | Found a shadowy altar of Dithmenos.
  9507 | D:7      | Found an ornate altar of the Wu Jian Council.
  9683 | D:7      | Found a flagged portal.
  9700 | D:7      | Mangled by an orc priest
  9701 | D:7      | Reached XP level 7. HP: -9/27 MP: 1/22
  9715 | D:7      | Killed from afar by an orc priest
  9716 | D:7      | Reached XP level 6. HP: -9/24 MP: 20/20
  9772 | D:8      | Slain by a black bear

Illustrated notes

Levels and vault maps discovered:
D:1:      roderic_dead_forest, layout_basic, nicolae_ecumenical_snake_handling,
          minmay_split_cup_small
D:2:      layout_basic, basic_altar
D:3:      layout_loops_corners, general_overflow_altar, serial_shops,
          nicolae_shop_behind_doors, serial_undead, serial_undead_c,
          serial_undead_e, serial_undead_c, serial_undead_c, uniq_robin
D:4:      layout_gridville, ebering_ghost_rock_garden
D:5:      layout_layer_cave, minmay_fractal_squares_5
D:6:      layout_cave_pools, minmay_temple_entry_mini_moons,
          nicolae_concentric_dashed_squares_mild, uniq_duvessa
D:7:      layout_cave_pools, nicolae_sif_muna_little_library,
          nicolae_overflow_quartered_altars, enter_bailey_2, uniq_prince_ribbit1
D:8:      layout_loops_ring, kennysheep_slug_shrine,
          mainiacjoe_overflow_alcove_1, gammafunk_ghost_split
Temple:   hellmonk_temple_flake

Skill      XL: |  1  2  3  4  5  6  7  8 |
---------------+-------------------------+-----
Spellcasting   | 3 4 5 7 8 10 | 10.7
Dodging        | |  2.6
Stealth        | |  2.6
Conjurations   | |  3.6

Action                   |  1- 3 |  4- 6 |  7- 9 || total
-------------------------+-------+-------+-------++-------
Melee: Unarmed           |    13 |    21 |    17 ||    51
       Punch             |       |     1 |       ||     1
       Bite              |       |     5 |     3 ||     8
 Cast: Magic Dart        |   100 |   135 |    57 ||   292
       Searing Ray       |       |    17 |    23 ||    40
       Stone Arrow       |       |       |    23 ||    23
Evoke: Wand              |       |       |     1 ||     1
  Use: Potion            |       |     2 |     1 ||     3
       Scroll            |       |       |     2 ||     2
Armor: Skin              |       |    13 |     6 ||    19
Dodge: Dodged            |    20 |    57 |    43 ||   120
